 Dungeon Crawl Stone Soup version 0.20.0-10-g0535bb4 (webtiles) character file.

1395 IcyNumb the Poker (level 8, -7/51 HPs)
             Began as an Octopode Fighter on June 7, 2017.
             Was an Initiate of Hepliaklqana.
             Shot with an arrow by a centaur (16 damage)
             ... on level 6 of the Dungeon.
             The game lasted 00:14:09 (5447 turns).

IcyNumb the Poker (Octopode Fighter)                Turns: 5447, Time: 00:14:09

Health: -7/51      AC:  1    Str: 15    XL:     8   Next: 68%
Magic:  8/8        EV: 12    Int: 10    God:    Hepliaklqana [......]
Gold:   462        SH: 10    Dex: 14    Spells: 7/7 levels left

rFire    . . .     SeeInvis .   a - +0 trident
rCold    . . .     Gourm    .   b - +0 shield
rNeg     . . .     Faith    .   (helmet restricted)
rPois    .         Spirit   .   (no amulet)
rElec    .         Reflect  .   o - ring of stealth
rCorr    .         Harm     .   f - ring of wizardry
MR       .....                  y - +2 ring of slaying
Stlth    ++........             A - ring of loudness (curse)
Regen    0.2/turn               (no ring)
MPRegen  0.2/turn               (no ring)
                                (no ring)
                                (no ring)

@: no status effects
A: almost no armour, stealthy swim, amphibious, 8 rings, constrict 8, reduced
essence, camouflage 1, gelatinous body 1
a: Recall Ancestor, Ancestor Identity, Renounce Religion


You were on level 6 of the Dungeon.
You worshipped Hepliaklqana.
Hepliaklqana was noncommittal.
You were hungry.

You visited 2 branches of the dungeon, and saw 7 of its levels.

You collected 462 gold pieces.

Inventory:

Hand Weapons
 a - a +0 trident (weapon)
Armour
 b - a +0 shield (worn)
Jewellery
 f - a ring of wizardry (right tentacle)
 o - a ring of stealth (left tentacle)
 u - an uncursed ring of resist corrosion {unknown}
 y - a +2 ring of slaying (on tentacle)
 A - a cursed ring of loudness (on tentacle)
Wands
 w - a wand of acid (9/15)
Scrolls
 e - 3 scrolls of amnesia {unknown}
 h - 2 scrolls of teleportation {unknown}
 i - 4 scrolls of remove curse {unknown}
 j - 5 scrolls of identify {unknown}
 p - a scroll of magic mapping {unknown}
 v - a scroll of enchant weapon {unknown}
 x - 2 scrolls of random uselessness {unknown}
 z - a scroll of recharging {unknown}
 B - 2 scrolls of immolation {unknown}
 C - a scroll of fear {unknown}
 E - a scroll of fog {unknown}
Potions
 c - 2 potions of might
 g - a potion of invisibility {unknown}
 k - a potion of curing {unknown}
 n - a potion of flight {unknown}
 q - 3 potions of agility {unknown}
 r - a potion of haste {unknown}
 t - 2 potions of lignification {unknown}
Comestibles
 d - 3 bread rations
 l - 5 meat rations
 m - 3 royal jellies
 s - 2 fruits


   Skills:
 + Level 6.0 Fighting
 * Level 7.5 Polearms
 - Level 3.0 Dodging
 + Level 6.1 Shields


You had 7 spell levels left.
You didn't know any spells.

Dungeon Overview and Level Annotations

Branches:
Dungeon (6/15)             Temple (1/1) D:5

Altars:
Dithmenos
Fedhas
Gozag
Hepliaklqana
Kikubaaqudgha
Nemelex Xobeh
Okawaru
Qazlal
Sif Muna
Trog
Xom
Zin
The Shining One
Beogh

Shops:
D:5 *

Annotations:
D:3 Naow's ghost, amateur GrMo


Innate Abilities, Weirdness & Mutations

You cannot wear most types of armour.
You are very stealthy in the water. (Stealth+)
You are amphibious.
You can wear up to eight rings at the same time.
You can use your tentacles to constrict eight enemies at once.
Your skin changes colour to match your surroundings (Stealth+).
Your rubbery body absorbs attacks. (AC +1, EV +1)
Your life essence is reduced. (-10% HP)


Message History

You kill the giant cockroach!
The centaur shoots an arrow.
The arrow hits you!
The centaur shoots an arrow.
The arrow hits you!!
* * * LOW HITPOINT WARNING * * *
You are too injured to fight recklessly!
You are too injured to fight recklessly!
You are too injured to fight recklessly!
You swap places.
Bubbles completely misses the centaur.
The centaur shoots an arrow.
The arrow hits Bubbles!
Bubbles hits the centaur but does no damage.
The centaur shoots an arrow.
The arrow misses Bubbles.
The arrow closely misses you.
Bubbles hits the centaur.
The centaur shoots an arrow.
The arrow hits Bubbles!
You see here 23 stones.
Something closely misses Bubbles.
Bubbles closely misses the centaur.
The centaur wields a shortbow.
The centaur shoots an arrow.
The arrow hits Bubbles!
Bubbles is destroyed!
The centaur shoots an arrow.
The arrow hits you!
You die...

...... ..
.#.##.#.###.######
...##.#.....cR.c(#
......#####.####(#
....### #.)....#
###.# ######(# #
#.# #.# # #.# #.#
# #.# ########@# #
#.# #........#
###.#####.######.#
..........######.#
.................#
....##############
#####


You could see a centaur.

Vanquished Creatures
  An ice beast (D:5)
  An ogre (D:5)
  A phantom (D:4)
  A bullfrog (D:6)
  A howler monkey (D:4)
  3 crimson imps
  4 hounds
  Crazy Yiuf (D:6)
  3 orc priests
  A centaur skeleton (D:6)
  An iguana (D:5)
  2 orc wizards (D:4)
  2 worker ants (D:4)
  A hound zombie (D:3)
  A hound skeleton (D:5)
  4 gnolls (D:5)
  8 adders
  A shadow imp (D:6)
  An adder skeleton (D:4)
  An adder zombie (D:6)
  4 worms
  2 dart slugs
  5 leopard geckos
  15 orcs
  5 giant cockroaches
  7 goblins
  3 hobgoblins (D:1)
  5 jackals
  A quokka (D:3)
  7 bats
  3 frilled lizards
  A jackal zombie (D:5)
  8 kobolds
  A leopard gecko skeleton (D:4)
  A quokka skeleton (D:5)
  9 rats
116 creatures vanquished.

Vanquished Creatures (collateral kills)
  An ogre (D:6)
  A big kobold (D:5)
  A centaur zombie (D:6)
  2 orc wizards (D:5)
  2 gnolls (D:5)
  An orc (D:5)
8 creatures vanquished.

Vanquished Creatures (others)
  4 ancestors (D:6)
4 creatures vanquished.

Grand Total: 128 creatures vanquished

Notes
Turn   | Place    | Note
-------+----------+-------------------------------------------
     0 | D:1      | IcyNumb the Octopode Fighter began the quest for the Orb.
     0 | D:1      | Reached XP level 1. HP: 16/16 MP: 1/1
    45 | D:1      | Reached XP level 2. HP: 21/21 MP: 2/2
   348 | D:1      | Reached XP level 3. HP: 20/26 MP: 3/3
   734 | D:2      | Reached skill level 3 in Polearms
   879 | D:2      | Reached XP level 4. HP: 32/32 MP: 4/4
  1456 | D:3      | Found a stormy altar of Qazlal.
  1559 | D:3      | Noticed Naow's ghost (amateur GrMo)
  1682 | D:3      | Reached XP level 5. HP: 24/37 MP: 5/5
  2426 | D:3      | Found a glowing silver altar of Zin.
  2791 | D:3      | Found an ancient bone altar of Kikubaaqudgha.
  2848 | D:4      | Reached skill level 4 in Polearms
  2939 | D:4      | Noticed a phantom
  2977 | D:4      | Reached XP level 6. HP: 31/43 MP: 6/6
  3219 | D:4      | Found an opulent altar of Gozag.
  3477 | D:4      | Killed a phantom
  3619 | D:4      | Reached skill level 5 in Polearms
  3697 | D:4      | Reached XP level 7. HP: 49/49 MP: 7/7
  3747 | D:4      | Reached skill level 5 in Shields
  3778 | D:4      | Found a roughly hewn altar of Beogh.
  3855 | D:5      | Entered Level 5 of the Dungeon
  3926 | D:5      | Found a shadowy altar of Dithmenos.
  3931 | D:5      | Found Suybb's General Store.
  4005 | D:5      | Found a staircase to the Ecumenical Temple.
  4011 | Temple   | Entered the Ecumenical Temple
  4023 | Temple   | Became a worshipper of Hepliaklqana the Forgotten
  4075 | D:5      | Reached skill level 5 in Fighting
  4143 | D:5      | Found a glowing silver altar of Zin.
  4226 | D:5      | Found a shimmering altar of Xom.
  4353 | D:5      | Reached skill level 6 in Polearms
  4396 | D:5      | Reached XP level 8. HP: 40/49 MP: 8/8
  4928 | D:6      | Found a glowing golden altar of the Shining One.
  4950 | D:6      | Found a shimmering altar of Xom.
  4961 | D:6      | Found an iron altar of Okawaru.
  4966 | D:6      | Reached skill level 7 in Polearms
  5338 | D:6      | Found a runed door.
  5342 | D:6      | Noticed Crazy Yiuf
  5350 | D:6      | Killed Crazy Yiuf
  5447 | D:6      | Shot with an arrow by a centaur

Skill      XL: |  1  2  3  4  5  6  7  8 |
---------------+-------------------------+-----
Polearms       | 3 4 5 6 7 |  7.5
Shields        | 4 5 6 |  6.1
Fighting       | 4 5 6 |  6.0
Dodging        | |  3.0

Action                   |  1- 3 |  4- 6 |  7- 9 || total
-------------------------+-------+-------+-------++-------
Melee: Trident           |    71 |   138 |   129 ||   338
       Constrict         |    15 |    23 |    26 ||    64
       Tentacles         |    11 |    19 |    18 ||    48
Invok: Ancestor Identity |       |       |     1 ||     1
 Stab: Sleeping          |     7 |    14 |     3 ||    24
       Distracted        |       |     2 |     1 ||     3
  Eat: Chunk             |       |     9 |     5 ||    14
Armor: Skin              |     4 |     5 |     2 ||    11
Dodge: Dodged            |    22 |    32 |    30 ||    84
Block: Shield            |    16 |    35 |    28 ||    79
